 Dungeon Crawl Stone Soup version 0.31-a0-196-g86fe4a5e66 (webtiles) character file.

Game seed: 18133625761998755080

92 qw the Shooter (level 4, 0/25 HPs)
             Began as a Deep Elf Hunter on June 24, 2023.
             Succumbed to a gnoll's poison
             ... on level 2 of the Dungeon.
             The game lasted 00:00:29 (1164 turns).

qw the Shooter (Deep Elf Hunter)                    Turns: 1164, Time: 00:00:30

Health: 0/25       AC:  5    Str: 10    XL:     4   Next: 35%
Magic:  6/6        EV: 11    Int: 14    God:
Gold:   105        SH:  0    Dex: 18    Spells: 3/3 levels left

rFire   . . .        Y - +0 shortbow (drain)
rCold   . . .        (shield currently unavailable)
rNeg    . . .        k - +0 ring mail
rPois   .            (no helmet)
rElec   .            (no cloak)
rCorr   .            (no gloves)
SInv    .            (no boots)
Will    .....        (no amulet)
Stlth   +            (no ring)
HPRegen 0.24/turn    (no ring)
MPRegen 0.10/turn

%: no passive effects
@: lethally poisoned (0 -> -13)
A: no striking features
a: no special abilities


You were on level 2 of the Dungeon.
You visited 1 branch of the dungeon, and saw 2 of its levels.

You collected 105 gold pieces.


   Skills:
 - Level 1.5 Fighting
 + Level 7.8 Ranged Weapons
 - Level 2.4 Dodging
 - Level 1.2 Stealth


You had 3 spell levels left.
You didn't know any spells.
Your spell library was empty.

Inventory:

Hand Weapons
 Y - a +0 shortbow of draining (weapon)
Armour
 a - a +2 helmet
 k - a +0 ring mail (worn)
Jewellery
 d - a ring of poison resistance
Scrolls
 b - 2 scrolls of identify
 g - a scroll of enchant armour {unknown}
Potions
 c - a potion of enlightenment {unknown}
 e - a potion of attraction {unknown}
 f - a potion of magic {unknown}
 h - a potion of mutation {unknown}
 i - a potion of degeneration {unknown}
 j - a potion of curing {unknown}
 l - a potion of lignification {unknown}

Dungeon Overview and Level Annotations

Branches:
Dungeon (2/15)

Altars:


Message History

Enter note:
Enter note:
Enter note: You shoot an arrow.
The arrow hits the gnoll but does no damage.
You drain the gnoll.
The gnoll shouts!
The gnoll is moderately wounded.
A gnoll comes into view. It is wielding a +0 whip.
A gnoll comes into view. It is wielding a +2 halberd of venom.
You shoot an arrow. The gnoll shouts!
The arrow hits the gnoll.
You drain the gnoll.
The gnoll is severely wounded.
You shoot an arrow. The arrow hits the gnoll!
You kill the gnoll!
You have reached level 4!
You feel clever.
You shoot an arrow. The arrow closely misses the gnoll.
You shoot an arrow. The arrow hits the gnoll!
You drain the gnoll.
The gnoll is severely wounded.
You shoot an arrow. The arrow hits the gnoll.
The gnoll is almost dead.
You shoot an arrow. The arrow hits the gnoll.
You kill the gnoll!
A kobold comes into view. It is wielding a +0 dagger.
The gnoll closely misses you.
You shoot an arrow. The kobold shouts!
The arrow hits the gnoll.
The gnoll is heavily wounded.
The gnoll hits you from afar with a +2 halberd of venom!
Ouch! That really hurt!
You are lethally poisoned!
You shoot an arrow. The arrow hits the gnoll.
You drain the gnoll.
You kill the gnoll!
You feel very sick.
1163 ||| FLEEEEING.
You feel very sick.
The kobold throws a stone.
The stone barely misses you.
1164 ||| FLEEEEING.
You die...

##..### #.#
###### #.# # #.#
#....# ... ..
#.# #....# ..
#.$ #.###....#
.... #...#...%#
..... ###......#
...$..####.....#
......)...#....#
...).)###@.#.###
..K.. ##.#.#
.... #...## ###
###..## #..>.#
#....# #....#
### ###.##
..######
#.######


There were no monsters in sight!

Vanquished Creatures
  3 gnolls (D:2)
  2 adders (D:2)
  A worm (D:2)
  7 ball pythons
  2 bats (D:2)
  4 endoplasms
  A giant cockroach (D:2)
  4 goblins
  4 hobgoblins
  A quokka (D:2)
  4 frilled lizards
  5 kobolds
  5 rats
43 creatures vanquished.

Notes
Turn   | Place    | Note
-------+----------+-------------------------------------------
     0 | D:1      | qw the Deep Elf Hunter began the quest for the Orb.
     0 | D:1      | Reached XP level 1. HP: 12/12 MP: 3/3
     0 | D:1      | 0 ||| qw: Version: 0.3-a-9-g12657ce
     0 | D:1      | 0 ||| qw: Game counter: 4826
     0 | D:1      | 0 ||| qw: Always use a shield: true
     0 | D:1      | 0 ||| qw: God list: Okawaru
     0 | D:1      | 0 ||| qw: Allow faded altars: false
     0 | D:1      | 0 ||| qw: Do Orc after D:15 true
     0 | D:1      | 0 ||| qw: Do second Lair branch before Depths: true
     0 | D:1      | 0 ||| qw: Lair rune preference: random
     0 | D:1      | 0 ||| qw: Plans: Normal
     0 | D:1      | 0 ||| PLANNING D:1-11
   110 | D:1      | Reached XP level 2. HP: 16/16 MP: 4/4
   114 | D:1      | Reached skill level 6 in Ranged Weapons
   511 | D:1      | Found a faded altar of an unknown god.
   549 | D:1      | 549 ||| UPGRADING to +0 scale mail.
   559 | D:1      | 559 ||| DROPPING +0 leather armour.
   560 | D:1      | 560 ||| UPGRADING to +0 ring mail.
   570 | D:1      | 570 ||| DROPPING +0 scale mail.
   571 | D:1      | 571 ||| READING scroll labelled DUCSEI BUCEI.
   572 | D:1      | 572 ||| READING scroll labelled WEOTYD ZODWOR.
   573 | D:1      | 573 ||| READING scroll labelled OMEMOR OKHLA.
   574 | D:1      | 574 ||| READING scroll labelled CIUMMO BEGOU.
   575 | D:1      | 575 ||| READING scroll labelled XOUNAI XIAGAEG.
   576 | D:1      | 576 ||| DROPPING scroll of butterflies.
   685 | D:2      | 685 ||| FLEEEEING.
   690 | D:2      | 690 ||| FLEEEEING.
   691 | D:2      | 691 ||| FLEEEEING.
   692 | D:2      | 692 ||| FLEEEEING.
   693 | D:2      | 693 ||| FLEEEEING.
   694 | D:2      | 694 ||| FLEEEEING.
   695 | D:2      | 695 ||| FLEEEEING.
   701 | D:2      | 701 ||| FLEEEEING.
   706 | D:2      | 706 ||| STAIRDANCE
   792 | D:2      | Reached XP level 3. HP: 20/20 MP: 5/5
   875 | D:2      | Reached skill level 7 in Ranged Weapons
  1157 | D:2      | Reached XP level 4. HP: 25/25 MP: 6/6
  1162 | D:2      | HP: 6/25 [poisoned by a gnoll]
  1163 | D:2      | 1163 ||| FLEEEEING.
  1164 | D:2      | 1164 ||| FLEEEEING.
  1164 | D:2      | Succumbed to a gnoll's poison

Levels and vault maps discovered:
D:1:      ldierk_walled_garden_2, layout_rooms,
          dreamdust_ecumenical_altar_grove, bh_walls_and_bars
D:2:      layout_basic, nicolae_concentric_dashed_squares_mild,
          nicolae_figureground_pulse

Skill      XL: |  1  2  3 |
---------------+----------+-----
Ranged Weapons | 6 7 |  7.8
Fighting       | |  1.5
Dodging        | |  2.4
Stealth        | |  1.2

Action                     |  1- 3 |  4- 6 || total
---------------------------+-------+-------++-------
   Fire: Shortbow          |    85 |     6 ||    91
    Use: Scroll            |     5 |       ||     5
 Armour: Ring mail         |     2 |       ||     2
  Dodge: Dodged            |     7 |     2 ||     9

Table legend:
 A = Non-vault XP
 B = Vault XP
 C = Vault XP percentage of total XP
 D = Non-vault monster count
 E = Vault monster count
 F = Vault count percentage of total count
                 A         B        C        D         E       F
            +---------+---------+-------+---------+---------+-------
      Total |     132 |       0 |   0.0 |      43 |       0 |   0.0
            +---------+---------+-------+---------+---------+-------
        D:1 |      28 |       0 |   0.0 |      19 |       0 |   0.0
        D:2 |     104 |       0 |   0.0 |      24 |       0 |   0.0
            +---------+---------+-------+---------+---------+-------
